 Dungeon Crawl Stone Soup version 0.30-a0-587-gfd7c166f36 (webtiles) character file.

Game seed: 17634471705681338041

111 Citaku the Covered (level 4, 0/41 HPs)
             Began as a Minotaur Fighter on Jan 4, 2023.
             Killed from afar by an orc wizard (7 damage)
             ... with a puff of flame
             ... on level 3 of the Dungeon.
             The game lasted 00:02:24 (1738 turns).

Citaku the Covered (Minotaur Fighter)               Turns: 1738, Time: 00:02:25

Health: 0/41       AC:  7    Str: 22    XL:     4   Next: 62%
Magic:  3/3        EV:  9    Int:  5    God:
Gold:   213        SH:  4    Dex: 10    Spells: 3/3 levels left

rFire   . . .      SeeInvis .    a - +0 war axe
rCold   . . .      Faith    .    c - +0 buckler
rNeg    . . .      Spirit   .    b - +0 scale mail
rPois   .          Reflect  .    (helmet restricted)
rElec   .          Harm     .    (no cloak)
rCorr   .          Rampage  .    (no gloves)
Will    .....                    (no boots) Stlth
                                 (no amulet)
HPRegen 0.26/turn                (no ring)
MPRegen 0.08/turn                (no ring)

@: mighty
A: horns 2, retaliatory headbutt
a: no special abilities


You were on level 3 of the Dungeon.
You visited 1 branch of the dungeon, and saw 3 of its levels.

You collected 213 gold pieces.

Inventory:

Hand Weapons
 a - a +0 war axe (weapon)
Armour
 b - a +0 scale mail (worn)
 c - a +0 buckler (worn)
Scrolls
 g - a scroll of fog {unknown}
 h - a scroll of enchant armour {unknown}
 l - 3 scrolls of identify {unknown}
 n - a scroll of teleportation {unknown}
 o - a scroll of vulnerability {unknown}
 p - a scroll of enchant weapon {unknown}
 q - a scroll of butterflies {unknown}
Potions
 e - a potion of curing {unknown}
 f - a potion of heal wounds {unknown}
 i - 2 potions of attraction {unknown}
 j - 2 potions of resistance {unknown}
 k - a potion of lignification {unknown}
 m - 3 potions of mutation {unknown}


   Skills:
 + Level 4.5 Fighting
 + Level 3.6 Axes
 + Level 4.5 Armour
 + Level 4.5 Shields


You had 3 spell levels left.
You didn't know any spells.
Your spell library was empty.

Dungeon Overview and Level Annotations

Branches:
Dungeon (3/15)

Altars:
Cheibriados
Fedhas
Qazlal
Xom
Yredelemnul
Zin

Shops:
D:3 ?


Innate Abilities, Weirdness & Mutations

You have a pair of horns on your head.
You reflexively headbutt those who attack you in melee.


Message History

The orc hits you from afar with a +3 trident!
The orc hits you with a +0 falchion.
You barely miss the orc. You miss something. You miss the orc.
The orc hits you but does no damage. x2; The quokka misses you.
You miss the quokka. You closely miss the orc. You completely miss something.
You closely miss the orc.
You feel less confused.
The quokka bites you but does no damage.
The orc hits you but does no damage. The orc barely misses you.
Something hits you. The orc closely misses you. You block the quokka's attack.
Something hits you but does no damage. The orc barely misses you.
The orc hits you with a +0 falchion. The orc closely misses you.
You furiously retaliate!
You headbutt the orc!
You kill the orc!
You block the orc's attack.
The quokka twitches its whiskers.
The quokka bites you but does no damage.
You block the orc's attack. x2; Something hits you.
The orc hits you with a +0 falchion.
Things that are here:
a +0 hand axe; an orc corpse The quokka closely misses you.
You furiously retaliate!
You headbutt the quokka. The orc barely misses you. You furiously retaliate!
You headbutt the orc!
You kill the orc!
You hear some strange, mumbled words.
A magic dart appears from out of thin air!
The magic dart hits you!
* * * LOW HITPOINT WARNING * * *
You hit the orc.
The orc is moderately wounded.
You barely miss the quokka. You slash something! The quokka closely misses you.
Something hits you but does no damage. You block the quokka's attack.
You feel very mighty all of a sudden. The orc hits you with a +0 dagger.
* * * LOW HITPOINT WARNING * * *
You hear some strange, mumbled words.
A puff of flame appears from out of thin air!
The puff of flame hits you!
You die...

####### ### ##.....##..)
##........... #............
#............ #................#
#................#
#....@o..........# #######
#...ro{........... ......#
#####.............. .###.
....#.###.####............###....
#.#............##########.....##
.⌠...####.###### ##............##
.....# #.# ##..._.†.........
###.## #.## #..♣.......##.###
#.## ##..######....##########..


You could see 2 orcs and a quokka.

Vanquished Creatures
  Robin (D:3)
  5 adders
  A worm (D:2)
  2 orcs (D:3)
  7 ball pythons
  2 endoplasms
  2 giant cockroaches
  8 goblins
  6 hobgoblins
  4 jackals (D:1)
  A kobold (D:3)
  A quokka (D:2)
  A bat (D:3)
  A frilled lizard (D:1)
  4 rats
46 creatures vanquished.

Notes
Turn   | Place    | Note
-------+----------+-------------------------------------------
     0 | D:1      | Citaku the Minotaur Fighter began the quest for the Orb.
     0 | D:1      | Reached XP level 1. HP: 19/19 MP: 0/0
   190 | D:1      | Reached XP level 2. HP: 25/27 MP: 1/1
   749 | D:2      | Reached XP level 3. HP: 28/33 MP: 2/2
   885 | D:2      | Found a faded altar of an unknown god.
  1164 | D:2      | Reached XP level 4. HP: 41/41 MP: 3/3
  1436 | D:3      | Noticed Robin
  1444 | D:3      | Killed Robin
  1538 | D:3      | Found Egrabb's Magic Scroll Boutique.
  1593 | D:3      | Found a basalt altar of Yredelemnul.
  1596 | D:3      | Found a blossoming altar of Fedhas.
  1609 | D:3      | Found a shimmering altar of Xom.
  1613 | D:3      | Found a glowing silver altar of Zin.
  1616 | D:3      | Found a stormy altar of Qazlal.
  1620 | D:3      | Found a snail-covered altar of Cheibriados.
  1738 | D:3      | Killed from afar by an orc wizard

Illustrated notes

Levels and vault maps discovered:
D:1:      minmay_arrival_doors, layout_basic
D:2:      layout_basic, nicolae_ecumenical_snake_handling
D:3:      layout_rooms, nicolae_overflow_hallway_of_the_gods, serial_shops,
          shop, hangedman_feature_mirror, uniq_robin

Skill      XL: |  1  2 |
---------------+-------+-----
Fighting       | 4 |  4.5
Axes           | 3 |  3.6
Armour         | 4 |  4.5
Shields        | 4 |  4.5

Action                   |  1- 3 |  4- 6 || total
-------------------------+-------+-------++-------
Melee: War axe           |    62 |    20 ||    82
       Headbutt          |     7 |     3 ||    10
  Use: Potion            |       |     2 ||     2
Armor: Scale mail        |    41 |    18 ||    59
Dodge: Dodged            |    26 |    16 ||    42
Block: Buckler           |    24 |    10 ||    34

Table legend: (Time is in decaauts)
 A = Elapsed time spent in this place.
 B = Non-inter-level travel time spent in this place.
 C = Inter-level travel time spent in this place.
 D = Time resting spent in this place.
 E = Time spent auto-exploring this place.
 F = Levels seen in this place.
 G = Mean time per level.
                   A        B        C        D        E       F      G
               +--------+--------+--------+--------+--------+-----+--------+
         Total |   1770 |   1770 |      0 |      0 |   1398 |   3 |  590.0 |
       Dungeon |   1770 |   1770 |      0 |      0 |   1398 |   3 |  590.0 |
               +--------+--------+--------+--------+--------+-----+--------+

Top non-repeatable levels by time:
     D:2: 849 daAuts
     D:1: 611 daAuts
     D:3: 309 daAuts
